 Dungeon Crawl Stone Soup version 0.32-a0-918-g0f22ef8d61 (webtiles) character file.

Game seed: 1116849790844174898

14429 smashvw the Severer (level 11, -7/74 (79) HPs)
             Began as a Minotaur Berserker on Apr 10, 2024.
             Was a High Priest of Trog.
             Engulfed by a green draconian monk's poison gas (8 damage)
             ... on level 3 of the Abyss.
             The game lasted 00:22:09 (9474 turns).

smashvw the Severer (Minotaur Berserker)            Turns: 9474, Time: 00:22:09

HP:   -7/74 (79)    AC: 19    Str: 19    XL:     11   Next: 88%
MP:   7/7           EV:  5    Int: 12    God:    Trog [*****.]
Gold: 400           SH:  8    Dex:  7    Spells: 10/10 levels left

rFire   + . .        R - +4 broad axe (flame)
rCold   x . .        j - +3 warlock's mirror {omnireflect}
rNeg    . . .        N - +0 plate armour
rPois   .            (helmet restricted)
rElec   .            m - scarf {rC+ rF+}
rCorr   .            h - +0 pair of gloves
SInv    .            M - +2 pair of boots of Fipiusyrui {Int+4}
Will    .....        l - amulet of regeneration Stlth
                     r - +6 ring of intelligence
HPRegen 1.12/turn    (no ring)
MPRegen 0.10/turn

%: random rage (9%), reflection
@: lethally poisoned (-7 -> -35), about to teleport, drained
A: horns 2, retaliatory headbutt, [berserk 2], [clumsy 2], [dopey 2], [frail 2],
[low MP 2], ([teleportitis 2]), [weak 2], [cold vulnerability 2], [inability to
read after injury 2]
a: Renounce Religion, Berserk, Trog's Hand, Brothers in Arms


You were on level 3 of the Abyss.
You worshipped Trog.
Trog was extremely pleased with you.
You visited 1 branch of the dungeon, and saw 11 of its levels.
You visited the Abyss 1 time.
You also visited: Sewer.

You collected 571 gold pieces.
You spent 171 gold pieces at shops.

Inventory:

Hand Weapons
 O - a +0 battleaxe
 R - a +4 broad axe of flaming (weapon)
Missiles
 b - a throwing net
 s - 5 javelins (quivered)
 t - 12 poisoned darts
 v - 5 curare-tipped darts
Armour
 h - a +0 pair of gloves (worn)
 j - the +3 warlock's mirror (worn) {omnireflect}
   (You found it on level 11 of the Dungeon)

   Omnireflect: It can block and reflect piercing ranged attacks and magical
   attacks against the wielder's willpower.
 m - a scarf of resistance (worn)
 y - a +0 chain mail
 L - a +0 pair of boots
 M - the +2 pair of boots of Fipiusyrui (worn) {Int+4}
   (You bought it in a shop on level 9 of the Dungeon)

   Int+4:     It affects your intelligence (+4).
 N - a +0 plate armour (worn)
 S - a +2 kite shield
Jewellery
 l - an amulet of regeneration (around neck)
 r - a +6 ring of intelligence (left hand)
 T - a ring of protection from cold
Wands
 u - a wand of flame (42)
 I - a wand of roots (19)
 K - a wand of polymorph (7)
Scrolls
 a - 5 scrolls of enchant armour
 c - 4 scrolls of immolation
 d - a scroll of fog {unknown}
 f - 2 scrolls of amnesia {unknown}
 p - a scroll of brand weapon {unknown}
 z - a scroll of torment
 A - 2 scrolls of blinking {unknown}
 E - 2 scrolls of revelation {unknown}
 F - a scroll of fear
 G - 2 scrolls of butterflies {unknown}
 J - a scroll of vulnerability {unknown}
 P - a scroll of poison {unknown}
 Q - 3 scrolls of noise {unknown}
 U - a scroll of enchant weapon {unknown}
Potions
 g - 3 potions of might
 k - 2 potions of attraction
 n - 2 potions of enlightenment
 o - 4 potions of brilliance {unknown}
 q - 4 potions of curing {unknown}
 w - a potion of magic {unknown}
 x - a potion of resistance {unknown}
 B - 4 potions of degeneration {unknown}
 C - 3 potions of cancellation {unknown}
 D - a potion of ambrosia {unknown}
 H - 2 potions of berserk rage {unknown}


   Skills:
 + Level 9.7 Fighting
 + Level 17.3 Axes
 - Level 10.2 Armour
 - Level 2.1 Dodging
 + Level 7.6 Shields


You had 10 spell levels left.
You didn't know any spells.
Your spell library was empty.

Dungeon Overview and Level Annotations

Branches:
Dungeon (11/15)            Temple (0/1) D:5            Lair (0/5) D:9
    Orc (0/2) D:9           Sewer (visited)

Altars:
Hepliaklqana
Kikubaaqudgha
Makhleb
Vehumet
Wu Jian
The Shining One
Beogh

Shops:
D:9 [

Portals:
Trove: D:10 (show slimy rune of Zot)

Annotations:
D:2 1 runed translucent door, Crazy Yiuf


Innate Abilities, Weirdness & Mutations

You have a pair of horns on your head.
You reflexively headbutt those who attack you in melee.
[You have an uncontrollable temper.]
[You are very clumsy. (Dex -4)]
[You are very dopey. (Int -4)]
[You are very frail. (-20% HP)]
[Your magical capacity is very low. (-20% MP)]
[((You are often teleported next to monsters.))]
[You are very weak. (Str -4)]
[You are very vulnerable to cold. (rC--)]
[You sometimes lose the ability to read scrolls when taking damage.]


Message History

The bone dragon claws you but does no damage.
The bone dragon tramples you but does no damage.
The wretched star pulses with an eldritch light!
You feel weaker. x2
You feel much better.
You feel sick.
You block the green draconian monk's attack. x2
The green draconian monk tail-slaps you.
The green draconian monk tail-slaps you but does no damage.
The bone dragon bites you but does no damage.
The bone dragon claws you but does no damage.
The bone dragon tramples you.
* * * LOW HITPOINT WARNING * * *
You hold your ground!
The starspawn tentacle grabs you. The starspawn tentacle constricts you.
The starspawn tentacle loses its grip on you.
The tentacle pulls you backwards! The starspawn tentacle grabs you.
The starspawn tentacle constricts you.
The starspawn tentacle's grasp on you weakens, but your attempt to escape fails.
You feel sick.
You are no longer poisoned.
You block the bone dragon's attack. The bone dragon claws you!
* * * LOW HITPOINT WARNING * * *
You block the bone dragon's attack.
The starspawn tentacle loses its grip on you.
The tentacle pulls you backwards! The starspawn tentacle grabs you.
The starspawn tentacle constricts you.
A starspawn tentacle segment comes into view.
The starspawn tentacle's grasp on you weakens, but your attempt to escape fails.
The green draconian monk breathes poison at you.
The blast of poison engulfs you.
You are poisoned.
* * * LOW HITPOINT WARNING * * *
The bone dragon bites you but does no damage.
You block the bone dragon's attack. The bone dragon tramples you!
* * * LOW HITPOINT WARNING * * *
You are held in place!
The starspawn tentacle constricts you.
You escape the starspawn tentacle's grasp.
You are engulfed in poison gas.
You are more poisoned.
You die...

.#...#..#.# .## #
...... # .. .####### #
.....### ..
...#.#..#.##.....#. ..
##.....#.##.4##. .#
#....L☼........##....
#......w☼☼......#.....
##.....X☼D...§..#.....
#......@wq○.D#..# ###
.##....☼..*.§...#
#.....##......#
####..........#
###.......## #........
.###.#.#. ..##


You could see 2 bone dragons, a green draconian monk (catching breath), a
tentacled starspawn, a lich, a wretched star, a chaos spawn and 2 starspawn
tentacles.

Vanquished Creatures
  3 occultists (D:11)
  Nergalle (D:11)
  4 arcanists (D:11)
  A gargoyle (D:11)
  An unseen horror (D:11)
  Joseph (D:8)
  A kobold demonologist (D:11)
  Sigmund (D:4)
  A wraith (D:10)
  22 yaks
  3 steam dragons
  Grum (D:11)
  2 acid dragons (D:10)
  A water moccasin (D:6)
  6 orc warriors
  An ice beast (D:7)
  A black bear (D:7)
  3 wolves (D:11)
  13 centaurs
  2 phantoms
  A kobold brigand (D:9)
  A gnoll sergeant (D:9)
  4 bullfrogs
  2 scorpions
  A burial acolyte (D:10)
  5 wights (D:5)
  9 killer bees
  6 howler monkeys
  3 orc priests
  5 hounds
  2 gnoll boudas
  Natasha (thrice) (D:2)
  3 iguanas
  11 orc wizards
  15 gnolls
  13 adders
  6 river rats (Sewer)
  A shadow imp (D:7)
  A white imp (D:5)
  2 ufetubi (D:6)
  An adder zombie (D:10)
  5 dart slugs
  2 ribbon worms (D:2)
  33 orcs
  14 ball pythons
  8 endoplasms
  2 giant cockroaches (D:2)
  5 goblins
  4 hobgoblins
  6 quokkas
  4 bats
  2 frilled lizards
  2 jackal zombies (D:10)
  9 kobolds
  17 rats
277 creatures vanquished.

Vanquished Creatures (others)
  9 starspawn tentacles (Abyss:3)
9 creatures vanquished.

Grand Total: 286 creatures vanquished

Notes
Turn   | Place    | Note
-------+----------+-------------------------------------------
     0 | D:1      | smashvw the Minotaur Berserker began the quest for the Orb.
     0 | D:1      | Reached XP level 1. HP: 19/19 MP: 0/0
    62 | D:1      | Found a faded altar of an unknown god.
   217 | D:1      | Reached XP level 2. HP: 27/27 MP: 1/1
   457 | D:1      | Reached skill level 4 in Axes
   688 | D:2      | Noticed Natasha
   694 | D:2      | Killed Natasha
   695 | D:2      | Reached XP level 3. HP: 32/33 MP: 2/2
   947 | D:2      | Reached ** piety under Trog
  1248 | D:2      | Noticed Natasha
  1251 | D:2      | Killed Natasha
  1252 | D:2      | Reached XP level 4. HP: 41/41 MP: 3/3
  1365 | D:2      | Noticed Natasha
  1371 | D:2      | Killed Natasha
  1470 | D:2      | Found a runed translucent door.
  1471 | D:2      | Noticed Crazy Yiuf
  1473 | D:2      | Found the +6 shillelagh "Devastator" {shatter}
  1688 | D:3      | Reached skill level 5 in Fighting
  1688 | D:3      | Reached XP level 5. HP: 48/48 MP: 4/4
  1689 | D:3      | Reached skill level 5 in Axes
  1967 | D:3      | Found a radiant altar of Vehumet.
  2840 | D:4      | Reached skill level 5 in Armour
  2840 | D:4      | Reached XP level 6. HP: 56/56 MP: 5/5
  2841 | D:4      | Reached *** piety under Trog
  2842 | D:4      | Reached skill level 6 in Axes
  2888 | D:4      | Noticed Sigmund
  2894 | D:4      | Killed Sigmund
  2970 | D:4      | Reached XP level 7. HP: 54/61 MP: 6/6
  2982 | D:4      | Found a burning altar of Makhleb.
  2982 | D:4      | Noticed a green death
  2985 | D:4      | Noticed a smoke demon
  2985 | D:4      | Noticed a neqoxec
  3206 | D:5      | Entered Level 5 of the Dungeon
  3227 | D:5      | Reached skill level 7 in Axes
  3281 | D:5      | Reached skill level 8 in Axes
  3380 | D:5      | Found a staircase to the Ecumenical Temple.
  3635 | D:5      | Reached XP level 8. HP: 68/68 MP: 7/7
  4128 | D:6      | Found a glowing drain.
  4138 | Sewer    | Entered a sewer
  4289 | Sewer    | Reached skill level 9 in Axes
  4290 | Sewer    | Reached **** piety under Trog
  4615 | D:6      | Reached skill level 10 in Axes
  4623 | D:6      | Reached skill level 10 in Armour
  4623 | D:6      | Reached XP level 9. HP: 54/74 MP: 8/8
  4853 | D:6      | Identified the +1 halberd "Orb Guardian's Death" {freeze,
                  | rN+ Dex+3}
  5008 | D:7      | Reached skill level 11 in Axes
  5263 | D:7      | Reached skill level 12 in Axes
  5998 | D:8      | Reached skill level 13 in Axes
  6085 | D:8      | Reached skill level 14 in Axes
  6117 | D:8      | Reached XP level 10. HP: 55/81 MP: 9/9
  6219 | D:8      | Reached ***** piety under Trog
  6502 | D:8      | Noticed Joseph
  6514 | D:8      | Killed Joseph
  6833 | D:9      | Reached skill level 15 in Axes
  6846 | D:9      | Found Untiheis's Antique Armour Shoppe.
  6853 | D:9      | Bought a pair of twisted boots for 171 gold pieces
  6853 | D:9      | Identified the +2 pair of boots of Fipiusyrui {Int+4} (You
                  | bought it in a shop on level 9 of the Dungeon)
  7174 | D:9      | Found a staircase to the Lair.
  7201 | D:9      | Found a staircase to the Orcish Mines.
  7212 | D:9      | Found a roughly hewn altar of Beogh.
  7223 | D:9      | Received a gift from Trog
  7365 | D:10     | Entered Level 10 of the Dungeon
  7402 | D:10     | Reached skill level 1 in Shields
  7502 | D:10     | Found a glowing golden altar of the Shining One.
  7504 | D:10     | Found a hazy altar of Hepliaklqana.
  7504 | D:10     | Found an ornate altar of the Wu Jian Council.
  7744 | D:10     | Found a portal to a secret trove of treasure.
  7887 | D:10     | Found an ancient bone altar of Kikubaaqudgha.
  7995 | D:10     | Reached skill level 16 in Axes
  8114 | D:11     | Reached XP level 11. HP: 82/92 MP: 10/10
  8227 | D:11     | Noticed an arcanist
  8238 | D:11     | Killed an arcanist
  8263 | D:11     | Noticed an arcanist
  8270 | D:11     | Killed an arcanist
  8282 | D:11     | Noticed an occultist
  8282 | D:11     | Noticed an arcanist
  8291 | D:11     | Killed an occultist
  8292 | D:11     | Reached skill level 5 in Shields
  8292 | D:11     | Killed an arcanist
  8301 | D:11     | Noticed Grum
  8305 | D:11     | Killed Grum
  8309 | D:11     | Noticed an arcanist
  8312 | D:11     | Noticed an occultist
  8489 | D:11     | Noticed Nergalle
  8494 | D:11     | Killed Nergalle
  8766 | D:11     | Found Zeizamaq's Magic Scroll Shoppe.
  8776 | D:11     | Noticed an arcanist
  8790 | D:11     | Killed an arcanist
  8791 | D:11     | Reached skill level 17 in Axes
  8818 | D:11     | Noticed an occultist
  8831 | D:11     | Killed an occultist
  8836 | D:11     | Noticed an occultist
  8857 | D:11     | Killed an occultist
  8865 | D:11     | Found the +3 warlock's mirror {omnireflect}
  9351 | Abyss:3  | Cast into level 3 of the Abyss (an occultist)
  9372 | Abyss:3  | Noticed a large abomination
  9375 | Abyss:3  | Found a corrupted altar of Lugonu.
  9377 | Abyss:3  | Found a corrupted altar of Lugonu.
  9377 | Abyss:3  | Noticed a tentacled starspawn
  9377 | Abyss:3  | Noticed a starcursed mass
  9389 | Abyss:3  | Noticed a white very ugly thing
  9400 | Abyss:3  | Noticed a thrashing horror
  9404 | Abyss:3  | Noticed a wretched star
  9425 | Abyss:3  | Noticed a white very ugly thing
  9425 | Abyss:3  | Noticed a white very ugly thing
  9433 | Abyss:3  | Noticed a starcursed mass
  9457 | Abyss:3  | Noticed a green draconian monk
  9461 | Abyss:3  | Noticed a bone dragon
  9468 | Abyss:3  | Noticed a tentacled starspawn
  9469 | Abyss:3  | Noticed a wretched star
  9469 | Abyss:3  | Noticed a lich
  9473 | Abyss:3  | HP: 1/74 [bone dragon (8)]
  9474 | Abyss:3  | Noticed a bone dragon
  9474 | Abyss:3  | Engulfed by a green draconian monk's poison gas

Illustrated notes

Levels and vault maps discovered:
D:1:      lightli_arrival_farm, layout_basic, shapermc_ecumenical_altar_venn
D:2:      layout_basic, minmay_misc_feat_cross, minmay_pentomino_q2,
          uniq_crazy_yiuf_cottage, uniq_natasha
D:3:      layout_loops_corners, mainiacjoe_overflow_alcove_4
D:4:      layout_cave_pools, makhleb_altar_promises_db, uniq_sigmund
D:5:      layout_gridville, minmay_temple_entry_from_below_a
D:6:      layout_gridville, cheibrodos_sewer_entry_sluice
D:7:      layout_loops_corners
D:8:      layout_basic, minmay_misc_feat_chi, uniq_joseph
D:9:      layout_roguey, lair_entry_dummy, minmay_orc_entry_temple_small,
          serial_shops, shop, grunt_ministairs_1, hangedman_glass_teeth
D:10:     layout_long_grid, lemuel_zombie_altar_kikubaaqudgha,
          gammafunk_temple_overflow_claw, nicolae_trove_entry_isolated,
          minmay_misc_feat_ornament
D:11:     minmay_smoke_and_mirrors, layout_layer_cave, serial_shops, shop,
          minmay_misc_feat_rows, uniq_grum, uniq_nergalle
Abyss:3:  base: D:1, patterned_corridor, patterned_corridor,
          nicolae_abyss_rune_star_stuff, evilmike_abyss_exit_9

Skill      XL: |  1  2  3  4  5  6  7  8  9 10 11 |
---------------+----------------------------------+-----
Fighting       | 4 5 7 9 |  9.7
Axes           | 4 5 6 8 10 14 16 17 | 17.3
Armour         | 3 4 5 6 7 10 | 10.2
Shields        | 3 7 |  7.6
Dodging        | |  2.1

Action                     |  1- 3 |  4- 6 |  7- 9 | 10-12 || total
---------------------------+-------+-------+-------+-------++-------
  Melee: Hand axe          |    53 |       |       |    16 ||    69
         Headbutt          |    16 |     6 |    43 |    59 ||   124
         War axe           |     4 |    73 |   271 |    35 ||   383
         Battleaxe         |       |       |       |    60 ||    60
         Broad axe         |       |       |       |   128 ||   128
 Invoke: Berserk           |       |     3 |     3 |     3 ||     9
    Use: Scroll            |       |       |       |    12 ||    12
         Potion            |       |       |       |     2 ||     2
 Armour: Animal skin       |    28 |    39 |     1 |       ||    68
         Chain mail        |       |       |   354 |    24 ||   378
         Plate armour      |       |       |       |   307 ||   307
  Dodge: Dodged            |    29 |    40 |   144 |    94 ||   307
  Block: Buckler           |       |       |       |    18 ||    18
         Reflection        |       |       |       |     1 ||     1

Table legend: (Time is in decaauts)
 A = Elapsed time spent in this place.
 B = Non-inter-level travel time spent in this place.
 C = Inter-level travel time spent in this place.
 D = Time resting spent in this place.
 E = Time spent auto-exploring this place.
 F = Levels seen in this place.
 G = Mean time per level.
                   A        B        C        D        E       F      G
               +--------+--------+--------+--------+--------+-----+--------+
         Total |   9590 |   9088 |    502 |    367 |   7093 |  13 |  737.7 |
       Dungeon |   9136 |   8634 |    502 |    322 |   6944 |  11 |  830.5 |
         Abyss |    122 |    122 |      0 |      0 |      0 |   1 |  122.0 |
         Sewer |    331 |    331 |      0 |     44 |    149 |   1 |  331.0 |
               +--------+--------+--------+--------+--------+-----+--------+

Top non-repeatable levels by time:
    D:11: 1254 daAuts
     D:2: 992 daAuts
     D:3: 957 daAuts
     D:8: 914 daAuts
     D:7: 881 daAuts
     D:5: 788 daAuts
    D:10: 731 daAuts
     D:6: 718 daAuts
     D:1: 691 daAuts
     D:4: 631 daAuts
     D:9: 573 daAuts
   Sewer: 331 daAuts
 Abyss:3: 122 daAuts
